 Dungeon Crawl Stone Soup version 0.22.1-1-ga44c0e5 (webtiles) character file.

238 gbos the Ruffian (level 5, -8/47 HPs)
             Began as a Draconian Transmuter on Oct 2, 2018.
             Was an Initiate of Ru.
             Killed by nerve-wracking pain
             ... invoked by an orc priest
              (14 damage)
             ... on level 4 of the Dungeon.
             The game lasted 00:07:13 (3474 turns).

gbos the Ruffian (Draconian Transmuter)             Turns: 3474, Time: 00:07:14

Health: -8/47      AC:  7    Str: 12    XL:     5   Next: 78%
Magic:  26/26      EV: 12    Int: 15    God:    Ru [......]
Gold:   187        SH:  0    Dex: 11    Spells: 5/8 levels left

rFire    . . .     SeeInvis .     - Unarmed
rCold    . . .     Gourm    .   (no shield)
rNeg     . . .     Faith    .   (armour unavailable)
rPois    .         Spirit   .   (helmet restricted)
rElec    .         Reflect  .   (no cloak)
rCorr    .         Harm     .   (no gloves)
MR       .....                  q - +1 pair of boots
Stlth    +.........             (no amulet)
HPRegen  0.15/turn              d - ring of magical power
MPRegen  0.20/turn              m - ring of magical power

@: appendage (expiring), very slightly contaminated, invisible
A: unfitting armour, horns 2, cold-blooded, AC +5
a: End Transformation, Renounce Religion


You were on level 4 of the Dungeon.
You worshipped Ru.
Ru was noncommittal.
You were not hungry.
You had grown temporary horns.
You visited 1 branch of the dungeon, and saw 4 of its levels.

You collected 187 gold pieces.

Inventory:

Missiles
 a - 106 arrows
Armour
 q - a +1 pair of boots (worn)
Jewellery
 b - an uncursed ring of magical power
 d - a ring of magical power (left hand)
 m - a ring of magical power (right hand)
Wands
 s - a wand of clouds (6)
Scrolls
 g - a scroll of fear {unknown}
 h - 2 scrolls of remove curse {unknown}
 l - a scroll of magic mapping {unknown}
 n - 3 scrolls of teleportation {unknown}
Potions
 e - a potion of brilliance {unknown}
 f - a potion of degeneration {unknown}
 i - a potion of resistance {unknown}
 j - 3 potions of ambrosia
 k - a potion of invisibility
 o - 2 potions of might {unknown}
 r - a potion of magic {unknown}
Comestibles
 c - 9 rations
 p - 4 chunks of flesh


   Skills:
 + Level 4.5 Fighting
 - Level 1.7 Dodging
 + Level 5.1 Unarmed Combat
 - Level 2.0 Spellcasting
 - Level 2.0 Transmutations


You had 5 spell levels left.
You knew the following spells:

 Your Spells              Type           Power        Failure   Level  Hunger
a - Beastly Appendage     Tmut           #.....       10%         1    #......
b - Sticks to Snakes      Tmut           #.......     14%         2    ###....

Your spell library contained the following spells:

 Spells                   Type           Power        Failure   Level  Hunger
 Spider Form              Tmut/Pois      #.........   41%         3    ###....
 Ice Form                 Ice/Tmut       #.......     82%         4    #####..
 Blade Hands              Tmut           #.........   95%         5    ######.


Dungeon Overview and Level Annotations

Branches:
Dungeon (4/15)
 Temple: D:4-7

Altars:
Cheibriados
Hepliaklqana
Okawaru
Ru
Trog
Uskayaw
Wu Jian


Innate Abilities, Weirdness & Mutations

Your plain brown scales are hard. (AC +5)
You cannot fit into any form of body armour.
You are cold-blooded and may be slowed by cold attacks.
You have a pair of horns on your head.


Message History

You fade into invisibility!
The orc priest hits you with a dagger.
* * * LOW HITPOINT WARNING * * *
You are very lightly contaminated with residual magic.
Things that are here:
a dagger; a robe You're too confused to move!
You feel less invigorated.
You feel less confused.
The orc priest hits you but does no damage.
The orc priest calls down the wrath of Beogh upon something.
You barely resist.
Your transformation is almost over.
The orc priest mumbles some strange prayers to Beogh against something.
Pain shoots through your body!
* * * LOW HITPOINT WARNING * * *
You see here a tomahawk.
A hound comes into view.
The orc priest invokes the aid of Beogh against something.
Pain shoots through your body!
You die...

## ### #.##<########
#####..#.##.....##########.#
.......h...@..(.oo..)(.....#
######...##.....############
##..##.....# #..##.....#
##>##.....# #.##.....#
#.##.....# #.##.....#


You could see a hound (wandering), an orc priest and an orc.

Vanquished Creatures
  2 orc priests (D:2)
  2 orc wizards
  5 adders
  2 worms (D:2)
  A dart slug (D:1)
  11 orcs
  A giant cockroach (D:1)
  13 goblins
  3 hobgoblins
  2 kobolds
  2 quokkas (D:2)
  4 bats
  4 frilled lizards
  8 rats
60 creatures vanquished.

Notes
Turn   | Place    | Note
-------+----------+-------------------------------------------
     0 | D:1      | gbos the Draconian Transmuter began the quest for the Orb.
     0 | D:1      | Reached XP level 1. HP: 16/16 MP: 3/3
     2 | D:1      | Noticed an ogre
     2 | D:1      | Noticed a troll
     4 | D:1      | Noticed a naga
     4 | D:1      | Noticed a formicid
     6 | D:1      | Noticed a gargoyle
     6 | D:1      | Noticed a merfolk
     8 | D:1      | Noticed a minotaur
     8 | D:1      | Noticed an octopode
    10 | D:1      | Noticed a vampire
    12 | D:1      | Noticed a dwarf
    12 | D:1      | Noticed a halfling
    14 | D:1      | Noticed a demigod
    14 | D:1      | Noticed a human
    16 | D:1      | Noticed a tengu
    16 | D:1      | Noticed a draconian
    18 | D:1      | Noticed a demonspawn
    20 | D:1      | Noticed a felid
    20 | D:1      | Noticed a ghoul
    22 | D:1      | Noticed a centaur
    22 | D:1      | Noticed an elf
    26 | D:1      | Noticed a spriggan
    26 | D:1      | Noticed a vine stalker
   317 | D:1      | Reached XP level 2. HP: 24/24 MP: 3/5
  1352 | D:2      | Reached XP level 3. HP: 30/30 MP: 4/6
  1533 | D:2      | Reached skill level 4 in Unarmed Combat
  1560 | D:2      | Reached XP level 4. HP: 24/38 MP: 5/7
  1821 | D:2      | Found a sacrificial altar of Ru.
  1887 | D:2      | Found a faded altar of an unknown god.
  2232 | D:2      | Reached XP level 5. HP: 23/46 MP: 8/8
  2477 | D:2      | Became a worshipper of Ru the Awakened
  2547 | D:3      | Found an ornate altar of the Wu Jian Council.
  2551 | D:3      | Found an iron altar of Okawaru.
  2552 | D:3      | Found a bloodstained altar of Trog.
  2554 | D:3      | Found a hide-covered altar of Uskayaw.
  2555 | D:3      | Found a hazy altar of Hepliaklqana.
  2556 | D:3      | Found a snail-covered altar of Cheibriados.
  3135 | D:3      | Learned a level 2 spell: Sticks to Snakes
  3431 | D:4      | Reached skill level 5 in Unarmed Combat
  3461 | D:4      | HP: 2/47 [orc priest/nerve-wracking pain (6)]
  3474 | D:4      | Killed from afar by an orc priest

Skill      XL: |  1  2  3  4  5 |
---------------+----------------+-----
Fighting       | 2 3 4 |  4.5
Unarmed Combat | 4 5 |  5.1
Dodging        | |  1.7
Spellcasting   | |  2.0
Transmutations | |  2.0

Action                   |  1- 3 |  4- 6 || total
-------------------------+-------+-------++-------
Melee: Unarmed           |   105 |   151 ||   256
       Headbutt          |     8 |    15 ||    23
       Kick              |     2 |     4 ||     6
       Tailslap          |     2 |    11 ||    13
       Punch             |     1 |     4 ||     5
 Cast: Beastly Appendage |    24 |    26 ||    50
  Use: Scroll            |       |     2 ||     2
       Potion            |       |     2 ||     2
  Eat: Chunk             |     3 |     6 ||     9
Armor: Skin              |    27 |    47 ||    74
Dodge: Dodged            |    65 |    59 ||   124
